Map: [ESL] Ancient Cistern

Players

PtitDrogo

  • Race: Protoss Protoss
  • Spawn Location: 1:00

LiquidElazer (Elazer) - Winner!

  • Race: Zerg Zerg
  • League: Master
  • Spawn Location: 7:00

Event: HomeStory Cup XXIII

VOD

Have the link to the VOD?

Description

Time

  • Played on: July 1, 2023, 8:24 a.m.
  • Length: 8:40

All games in this series

Show
View Real Time Build Order
Export as new Build Order

PtitDrogo Protoss 

Build Orders: 1 Gate Expand, Oracle Opening, Zealot Archon 

Get SALT Encoding   

  12  0:00  Probe  
  13  0:12  Probe  
  14  0:19  Pylon  
  14  0:24  Probe  
  15  0:37  Probe (Chrono Boost)  
  15  0:39  Gateway  
  16  0:46  Probe (Chrono Boost)  
  17  0:51  Probe (Chrono Boost)  
  17  0:52  Assimilator  
  18  1:03  Probe  
  19  1:15  Probe  
  20  1:27  Nexus  
  20  1:36  Cybernetics Core  
  20  1:38  Probe  
  21  1:43  Assimilator  
  21  1:50  Probe  
  21  1:53  Pylon  
  22  2:02  Probe (Chrono Boost)  
  23  2:12  Adept  
  23  2:14  Probe (Chrono Boost)  
  26  2:17  Stargate  
  27  2:22  Probe (Chrono Boost)  
  27  2:25  Warp Gate  
  27  2:29  Probe (Chrono Boost)  
  28  2:39  Probe (Chrono Boost)  
  30  2:45  Adept  
  30  2:47  Probe (Chrono Boost)  
  30  2:48  Probe (Chrono Boost)  
  33  2:53  Probe x2 (Chrono Boost)  
  33  2:58  Oracle (Chrono Boost)  
  35  3:05  Probe x2  
  39  3:07  Pylon  
  40  3:15  Zealot  
  40  3:17  Probe  
  40  3:18  Probe  
  44  3:24  Gateway  
  44  3:25  Oracle (Chrono Boost)  
  44  3:30  Probe x2  
  49  3:43  Probe x2  
  49  3:46  Pylon  
  51  3:54  Nexus  
  51  3:57  Probe x2  
  53  4:05  Oracle  
  53  4:09  Probe x2  
  58  4:11  Pylon  
  58  4:13  Assimilator  
  58  4:16  Assimilator  
  58  4:21  Probe  
  58  4:22  Probe  
  60  4:26  Twilight Council  
  60  4:30  Adept x2  
  64  4:34  Probe x2 (Chrono Boost)  
  66  4:39  Pylon  
  66  4:43  Forge  
  66  4:45  Probe x2 (Chrono Boost)  
  68  4:46  Robotics Facility  
  68  4:50  Probe (Chrono Boost)  
  69  4:54  Probe  
  70  5:07  Shield Battery  
  72  5:08  Probe x2 (Chrono Boost)  
  72  5:10  Charge  
  72  5:11  Probe (Chrono Boost)  
  72  5:14  Templar Archives  
  73  5:19  Probe x2 (Chrono Boost)  
  73  5:20  Probe (Chrono Boost)  
  76  5:25  Protoss Ground Weapons Level 1  
  76  5:26  Pylon  
  76  5:28  Probe  
  77  5:29  Probe  
  77  5:30  Probe  
  80  5:35  Observer (Chrono Boost)  
  80  5:36  Psionic Storm  
  80  5:38  Assimilator  
  80  5:39  Assimilator  
  80  5:40  Probe  
  80  5:41  Probe  
  80  5:42  Probe  
  83  5:43  Gateway  
  83  5:44  Gateway  
  83  5:52  Probe  
  83  5:53  Probe, Gateway  
  83  5:54  Probe, Gateway  
  83  5:56  Gateway  
  86  5:58  Immortal (Chrono Boost)  
  90  6:08  Probe, Pylon  
  91  6:14  Gateway  
  91  6:15  Probe, High Templar  
  91  6:16  High Templar  
  96  6:18  Pylon  
  96  6:29  Archon  
  96  6:38  Zealot x2  
  94  6:40  Nexus  
  94  6:42  Pylon  
  94  6:46  Probe  
  95  6:52  High Templar x3  
  100  6:54  Probe  
  100  7:00  Zealot x4  
  105  7:05  Probe x2  
  105  7:07  Nexus  
  105  7:08  Pylon  
  105  7:09  Immortal  
  105  7:15  Gateway x2  
  109  7:16  High Templar  
  109  7:19  Photon Cannon  
  109  7:21  Probe  
  112  7:25  Pylon  
  112  7:26  High Templar x2, Photon Cannon  
  112  7:27  Zealot x4  
  121  7:40  Pylon  
  121  7:41  Shield Battery  
  121  7:42  Pylon  
  121  7:43  Shield Battery  
  118  7:44  High Templar  
  118  7:45  Pylon  
  118  7:48  Shield Battery  
  118  7:49  Shield Battery  
  119  7:55  Archon  
  119  7:58  Immortal (Chrono Boost), Zealot x2  
  123  8:08  Stalker x4  
  123  8:09  Stalker  
  116  8:14  Probe  
  115  8:24  Zealot x3  
  100  8:31  Zealot x7  
Show
View Real Time Build Order
Export as new Build Order

LiquidElazer Zerg - Winner!

Build Orders: Hatch First 

Get SALT Encoding   

  12  0:00  Drone  
  13  0:07  Drone  
  14  0:32  Hatchery  
  13  0:35  Drone  
  13  0:42  Extractor, Drone  
  14  0:49  Overlord  
  15  1:03  Spawning Pool  
  14  1:07  Drone  
  14  1:10  Drone  
  16  1:15  Drone  
  17  1:19  Drone  
  18  1:30  Drone  
  19  1:41  Drone  
  19  1:45  Drone  
  21  1:50  Queen x2  
  25  1:55  Zergling x2  
  25  1:57  Overlord  
  26  2:03  Drone  
  26  2:05  Drone  
  28  2:20  Drone  
  28  2:22  Hatchery, Drone  
  29  2:26  Drone  
  30  2:35  Extractor, Queen  
  31  2:38  Overlord  
  31  2:41  Drone  
  31  2:42  Drone  
  33  2:44  Drone  
  33  2:48  Drone  
  35  2:58  Drone x3  
  37  3:00  Drone x2  
  40  3:08  Overlord  
  40  3:10  Queen  
  42  3:14  Queen  
  44  3:24  Spore Crawler  
  44  3:26  Drone  
  44  3:28  Drone  
  44  3:29  Drone  
  44  3:32  Zergling x8  
  50  3:38  Queen  
  50  3:40  Metabolic Boost  
  52  3:44  Overlord  
  52  3:45  Drone x2  
  53  3:49  Drone  
  53  3:51  Drone x2  
  53  3:55  Drone  
  57  4:02  Drone  
  58  4:05  Overlord  
  58  4:06  Drone x4  
  62  4:12  Spore Crawler  
  62  4:13  Spore Crawler  
  62  4:14  Drone x2  
  62  4:20  Queen  
  62  4:21  Drone x2  
  62  4:23  Drone  
  65  4:24  Drone x2  
  65  4:25  Drone  
  65  4:29  Drone, Evolution Chamber  
  68  4:32  Drone x2  
  68  4:33  Drone  
  68  4:34  Drone  
  68  4:37  Overlord  
  72  4:46  Overlord  
  72  4:50  Zergling x4  
  72  4:52  Hatchery  
  73  4:55  Zerg Melee Weapons Level 1  
  73  4:56  Zergling x4  
  75  5:01  Queen  
  75  5:05  Overlord  
  75  5:06  Lair  
  77  5:07  Drone x4  
  77  5:10  Drone x2  
  77  5:12  Extractor  
  77  5:13  Extractor x2, Drone x2  
  82  5:15  Drone  
  82  5:17  Drone x3  
  86  5:26  Overlord  
  86  5:27  Drone x7  
  93  5:33  Roach Warren  
  93  5:34  Extractor, Overlord  
  91  5:37  Drone  
  91  5:38  Extractor  
  91  5:39  Drone x3  
  91  5:40  Overlord  
  94  5:48  Zergling x6  
  97  5:51  Overlord  
  97  5:59  Zergling x12  
  97  6:01  Overlord  
  103  6:08  Hatchery  
  103  6:09  Overlord  
  102  6:20  Roach x6  
  102  6:25  Glial Reconstitution  
  114  6:31  Roach x9  
  130  6:34  Hatchery  
  130  6:35  Drone  
  130  6:37  Roach x3  
  132  6:50  Roach x7  
  145  6:58  Overlord  
  145  6:59  Roach x3  
  151  7:04  Roach  
  151  7:05  Overlord  
  149  7:11  Roach  
  151  7:16  Overlord x2  
  151  7:20  Roach x4  
  151  7:21  Ravager  
  160  7:26  Roach  
  160  7:27  Roach x3  
  168  7:31  Overlord  
  176  7:37  Roach x8  
  182  7:44  Roach  
  182  7:47  Overlord  
  182  7:50  Roach  
  182  7:51  Roach x6  
  197  7:58  Ravager  
  196  7:59  Zergling x2  
  179  8:12  Ravager  
Tags
 
Add a new tag
Caveats
  • Supply blocks, unpowered buildings, or Contaminate may cause inaccurate times.
  • Supply counts are checked every 10 seconds.